AoeStats
← ELPURE

Arabia

509244048Analyzed
1v1 RM · 6d ago on Sep 26, 2026· 54m 3s· 2 players
Game mode
Random Map
Map size
Tiny (2 player)
Population
200
Speed
Normal
Resources
Standard
Victory
Conquest
Starting age
Dark Age
Ending age
Imperial Age
RankedLock teamsTeams togetherTeam positionsShared explorationLock speedFull tech treeHidden civsTurbo modeCheats
Victory
Defeat
🇨🇳 Celts · China
1872
+20
🇺🇸 Armenians · United States
1952
-20
I'm down but alive
6:46 Loom
8:57 Feudal Age
9:01 Man-at-Arms
15:10 Double-Bit Axe
17:28 Fletching
22:13 Castle Age
20:21 Horse Collar
20:37 Gold Mining
21:41 Padded Archer Armor
23:02 Bodkin Arrow
23:22 Leather Archer Armor
22:29 Elite Skirmisher
24:41 Leather Archer Armor
32:35 Crossbowman
37:39 Scale Mail Armor
45:22 Wheelbarrow
44:35 Town Watch
45:46 Gold Shaft Mining
50:11 Imperial Age
48:39 Chain Mail Armor
49:19 Devotion
50:00 Husbandry
49:20 Light Cavalry
50:55 Ballistics
51:45 Conscription
51:50 Forging
54:19 Chemistry
ELPURE
6:58 Loom
9:40 Feudal Age
10:00 Man-at-Arms
15:28 Fletching
22:05 Castle Age
20:45 Double-Bit Axe
22:10 Crossbowman
22:48 Bodkin Arrow
23:24 Padded Archer Armor
29:55 Redemption
35:17 Sanctity
37:50 Scale Mail Armor
38:00 Forging
Connection lost

Rejoining the realm…

Still unreachable

The connection could not be restored.

Session expired

The server has moved on; the page needs a fresh start.